PR
LONG ISLAND DUCKS @ LADUE RAMS
09/04/2042
 
TOP OF THE 1ST
Long Island Ducks batting - Pitching for Ladue Rams : RHP Tim Chuter
Pitching: RHP Tim Chuter
Batting: RHB George Samuels 0-0: Swinging Strike
0-1: Swinging Strike
0-2: Ball
1-2: Ball
2-2: Fly out, F5 (Popup, 5SF, EV 86.9 MPH)
Batting: RHB Shu-yaan Seema 0-0: Foul Ball, location: 2F
0-1: Ball
1-1: Foul Ball, location: 2F
1-2: Strikes out swinging
Batting: RHB Alfredo Torres 0-0: Swinging Strike
0-1: Ball
1-1: Ball
2-1: Called Strike
2-2: Strikes out looking
Top of the 1st over - 0 runs, 0 hits, 0 errors, 0 left on base; Long Island 0 - Ladue 0
BOTTOM OF THE 1ST
Ladue Rams batting - Pitching for Long Island Ducks : RHP Jerome Henderson
Pitching: RHP Jerome Henderson
Batting: LHB Jermaine Tuttle 0-0: Ball
1-0: Called Strike
1-1: Foul Ball, location: 2F
1-2: Ball
2-2: Ball
3-2: Fly out, F9 (Flyball, 9LD, EV 95.0 MPH)
Batting: RHB Muneyaki Hayashi 0-0: Ground out 1-3 (Groundball, P, EV 91.9 MPH)
Batting: RHB Tangaloa Manaolana 0-0: Ball
1-0: Ground out 6-3 (Groundball, 56, EV 75.6 MPH)
Bottom of the 1st over - 0 runs, 0 hits, 0 errors, 0 left on base; Long Island 0 - Ladue 0
TOP OF THE 2ND
Long Island Ducks batting - Pitching for Ladue Rams : RHP Tim Chuter
Batting: LHB Michizane Yamashita 0-0: Ball
1-0: Ball
2-0: Fly out, F7 (Line Drive, 7, EV 94.4 MPH)
Batting: LHB Danny Stone 0-0: Called Strike
0-1: Ground out 4-3 (Groundball, 34D, EV 106.2 MPH)
Batting: RHB Al Ruíz 0-0: Ball
1-0: Ball
2-0: Called Strike
2-1: Ground out 1-3 (Groundball, 34S, EV 87.5 MPH)
Top of the 2nd over - 0 runs, 0 hits, 0 errors, 0 left on base; Long Island 0 - Ladue 0
BOTTOM OF THE 2ND
Ladue Rams batting - Pitching for Long Island Ducks : RHP Jerome Henderson
Batting: LHB Ruff McGruffin 0-0: Called Strike
0-1: Ball
1-1: Ball
2-1: Foul Ball, location: 2F
2-2: Ball
3-2: Foul Ball, location: 2F
3-2: Foul Ball, location: 2F
3-2: Base on Balls
Batting: RHB Luis Colmenaris 0-0: Foul Ball, location: 2F
0-1: Fielders Choice at 2nd, 5-4 (Groundball, 56, EV 82.5 MPH)
Batting: RHB César Hinojosa 0-0: Foul Ball, location: 2F
0-1: Swinging Strike
0-2: Strikes out swinging
Batting: SHB Tom Lenehan 0-0: Called Strike
0-1: Ball
1-1: Ball
2-1: Foul Ball, location: 2F
2-2: SINGLE (Line Drive, 6MD, EV 98.1 MPH)
Luis Colmenaris to second
Batting: RHB Drew Rose 0-0: Called Strike
0-1: Ball
1-1: Foul Ball, location: 2F
1-2: Strikes out swinging
Bottom of the 2nd over - 0 runs, 1 hit, 0 errors, 2 left on base; Long Island 0 - Ladue 0
TOP OF THE 3RD
Long Island Ducks batting - Pitching for Ladue Rams : RHP Tim Chuter
Batting: RHB Colm Partridge 0-0: Ball
1-0: Ball
2-0: SINGLE (Line Drive, 4D, EV 101.9 MPH)
Batting: RHB Tom Kelley 0-0: Called Strike
0-1: DOUBLE (Line Drive, 78D, EV 110.0 MPH)
Colm Partridge to third
Runner from 3rd tries for Home, SAFE, throw by LF to home
Batting: LHB Brad Brown 0-0: Ball
1-0: Ball
2-0: Ball
3-0: Called Strike
3-1: Base on Balls
Batting: RHB George Samuels 0-0: Foul Ball, location: 2F
0-1: Swinging Strike
0-2: Ball
1-2: Ball
2-2: Foul Ball, location: 2F
2-2: Strikes out looking
Batting: RHB Shu-yaan Seema 0-0: Swinging Strike
0-1: Ball
1-1: Fielders Choice at 2nd, 1-6 (Groundball, 13, EV 80.6 MPH)
Tom Kelley to third
Batting: RHB Alfredo Torres 0-0: Fly out, F8 (Flyball, 8LM, EV 83.1 MPH)
Top of the 3rd over - 1 run, 2 hits, 0 errors, 2 left on base; Long Island 1 - Ladue 0
BOTTOM OF THE 3RD
Ladue Rams batting - Pitching for Long Island Ducks : RHP Jerome Henderson
Batting: LHB Guillermo Valverde 0-0: Called Strike
0-1: Ball
1-1: Foul Ball, location: 2F
1-2: Ball
2-2: Strikes out swinging
Batting: LHB Jermaine Tuttle 0-0: Called Strike
0-1: Foul Ball, location: 2F
0-2: Foul Ball, location: 2F
0-2: Strikes out swinging
Batting: RHB Muneyaki Hayashi 0-0: Called Strike
0-1: Ball
1-1: Called Strike
1-2: Ball
2-2: Strikes out swinging
Bottom of the 3rd over - 0 runs, 0 hits, 0 errors, 0 left on base; Long Island 1 - Ladue 0
TOP OF THE 4TH
Long Island Ducks batting - Pitching for Ladue Rams : RHP Tim Chuter
Batting: LHB Michizane Yamashita 0-0: Ball
1-0: Fly out, F3 (Popup, 3, EV 77.5 MPH)
Batting: LHB Danny Stone 0-0: Ball
1-0: Foul Ball, location: 2F
1-1: SINGLE (Groundball, 4D, EV 95.0 MPH)
Batting: RHB Al Ruíz 0-0: Foul Ball, location: 2F
0-1: Ball
1-1: Foul Ball, location: 2F
1-2: Ball
2-2: Fielders Choice at 2nd, 5-4 (Groundball, 56, EV 83.8 MPH)
Batting: RHB Colm Partridge 0-0: Called Strike
0-1: Foul Ball, location: 2F
0-2: Foul Ball, location: 2F
0-2: Ball
1-2: Ground out 1-3 (Groundball, 34S, EV 79.4 MPH)
Top of the 4th over - 0 runs, 1 hit, 0 errors, 1 left on base; Long Island 1 - Ladue 0
BOTTOM OF THE 4TH
Ladue Rams batting - Pitching for Long Island Ducks : RHP Jerome Henderson
Batting: RHB Tangaloa Manaolana 0-0: Ball
1-0: Ball
2-0: DOUBLE (Flyball, 89D, EV 95.0 MPH)
Batting: LHB Ruff McGruffin 0-0: DOUBLE (Line Drive, 78D, EV 110.6 MPH)
Tangaloa Manaolana scores
Batting: RHB Luis Colmenaris 0-0: Called Strike
0-1: Called Strike
0-2: Strikes out looking
Batting: RHB César Hinojosa 0-0: SINGLE (Groundball, 6MD, EV 96.2 MPH)
Ruff McGruffin to third
Runner from 3rd tries for Home, SAFE, no throw by CF
Batting: SHB Tom Lenehan 0-0: Called Strike
0-1: Swinging Strike
0-2: Strikes out swinging
Batting: RHB Drew Rose 0-0: Called Strike
0-1: Called Strike
0-2: Ball
1-2: Ball
2-2: Foul Ball, location: 2F
2-2: Foul Ball, location: 2F
2-2: Strikes out swinging
Bottom of the 4th over - 2 runs, 3 hits, 0 errors, 1 left on base; Long Island 1 - Ladue 2
TOP OF THE 5TH
Long Island Ducks batting - Pitching for Ladue Rams : RHP Tim Chuter
Batting: RHB Tom Kelley 0-0: Ball
1-0: Called Strike
1-1: Foul Ball, location: 2F
1-2: Ball
2-2: Foul Ball, location: 2F
2-2: Foul Ball, location: 2F
2-2: Ball
3-2: Foul Ball, location: 2F
3-2: Foul Ball, location: 2F
3-2: SINGLE (Groundball, 5D, EV 100.6 MPH)
Batting: LHB Brad Brown 0-0: Bunted foul
0-1: Ball
1-1: Bunted foul
1-2: Strikes out looking
Batting: RHB George Samuels 0-0: Ball
1-0: Called Strike
1-1: Swinging Strike
1-2: Foul Ball, location: 2F
1-2: Hit by Pitch
Tom Kelley to second
Batting: RHB Shu-yaan Seema 0-0: Ball
1-0: Ball
2-0: Called Strike
2-1: Foul Ball, location: 2F
2-2: SINGLE (Groundball, 56D, EV 97.5 MPH)
Tom Kelley to third
George Samuels to second
Runner from 3rd tries for Home, SAFE, throw by LF to home
Batting: RHB Alfredo Torres 0-0: Ball
1-0: Ball
2-0: Swinging Strike
2-1: Foul Ball, location: 2F
2-2: Strikes out looking
Batting: LHB Michizane Yamashita 0-0: Called Strike
0-1: Ball
1-1: Ball
2-1: Ball
3-1: Fly out, F9 (Line Drive, 9, EV 90.6 MPH)
Top of the 5th over - 1 run, 2 hits, 0 errors, 2 left on base; Long Island 2 - Ladue 2
BOTTOM OF THE 5TH
Ladue Rams batting - Pitching for Long Island Ducks : RHP Jerome Henderson
Batting: LHB Guillermo Valverde 0-0: Called Strike
0-1: Called Strike
0-2: Ball
1-2: Strikes out swinging
Batting: LHB Jermaine Tuttle 0-0: Ball
1-0: SINGLE (Line Drive, 34D, EV 95.6 MPH)
Batting: RHB Muneyaki Hayashi 0-0: Ball
1-0: Called Strike
1-1: DOUBLE (Line Drive, 3D, EV 105.6 MPH)
Jermaine Tuttle to third
Batting: RHB Tangaloa Manaolana 0-0: Ball
1-0: Called Strike
1-1: Swinging Strike
1-2: Strikes out swinging
Batting: LHB Ruff McGruffin 0-0: Ball
1-0: Foul Ball, location: 2F
1-1: Swinging Strike
1-2: Ball
2-2: Fly out, F8 (Line Drive, 8LD, EV 85.0 MPH)
Bottom of the 5th over - 0 runs, 2 hits, 0 errors, 2 left on base; Long Island 2 - Ladue 2
TOP OF THE 6TH
Long Island Ducks batting - Pitching for Ladue Rams : RHP Tim Chuter
Batting: LHB Danny Stone 0-0: Called Strike
0-1: Ball
1-1: Fly out, F9 (Flyball, 9S, EV 75.0 MPH)
Batting: RHB Al Ruíz 0-0: Ball
1-0: Ball
2-0: Fly out, F8 (Line Drive, 8LM, EV 90.6 MPH)
Batting: RHB Colm Partridge 0-0: Foul Ball, location: 2F
0-1: Ball
1-1: Ball
2-1: Foul Ball, location: 2F
2-2: Strikes out looking
Top of the 6th over - 0 runs, 0 hits, 0 errors, 0 left on base; Long Island 2 - Ladue 2
BOTTOM OF THE 6TH
Ladue Rams batting - Pitching for Long Island Ducks : RHP Jerome Henderson
Pitching: RHP Chris Rainville
Batting: RHB Luis Colmenaris 0-0: Ball
1-0: Foul Ball, location: 2F
1-1: Fly out, F2 (Popup, 2LF, EV 93.1 MPH)
Batting: RHB César Hinojosa 0-0: Ground out 4-3 (Groundball, 4M, EV 81.9 MPH)
Batting: SHB Tom Lenehan 0-0: Called Strike
0-1: Ball
1-1: Foul Ball, location: 2F
1-2: Fly out, F7 (Flyball, 78M, EV 78.1 MPH)
Bottom of the 6th over - 0 runs, 0 hits, 0 errors, 0 left on base; Long Island 2 - Ladue 2
TOP OF THE 7TH
Long Island Ducks batting - Pitching for Ladue Rams : RHP Tim Chuter
Batting: RHB Tom Kelley 0-0: Called Strike
0-1: SINGLE (Groundball, 34D, EV 95.0 MPH)
Pitching: RHP Ramón Echevarría
Batting: LHB Brad Brown 0-0: Hit by Pitch
Tom Kelley to second
Batting: RHB George Samuels 0-0: Called Strike
0-1: Ball
1-1: Sac Bunt to 3S - play at first, batter OUT! 3-4
Tom Kelley to third
Brad Brown to second
Batting: RHB Shu-yaan Seema 0-0: Called Strike
0-1: Ball
1-1: Foul Ball, location: 2F
1-2: Strikes out swinging
Batting: RHB Alfredo Torres 0-0: Called Strike
0-1: Fly out, F8 (Flyball, 8RM, EV 91.2 MPH)
Top of the 7th over - 0 runs, 1 hit, 0 errors, 2 left on base; Long Island 2 - Ladue 2
BOTTOM OF THE 7TH
Ladue Rams batting - Pitching for Long Island Ducks : RHP Chris Rainville
Batting: RHB Drew Rose 0-0: Ball
1-0: Fly out, F8 (Flyball, 8RM, EV 93.8 MPH)
Batting: LHB Guillermo Valverde 0-0: Called Strike
0-1: Ball
1-1: Swinging Strike
1-2: Ground out 4-3 (Groundball, 4, EV 105.6 MPH)
Batting: LHB Jermaine Tuttle 0-0: Ball
1-0: Swinging Strike
1-1: Foul Ball, location: 2F
1-2: Ball
2-2: Strikes out looking
Bottom of the 7th over - 0 runs, 0 hits, 0 errors, 0 left on base; Long Island 2 - Ladue 2
TOP OF THE 8TH
Long Island Ducks batting - Pitching for Ladue Rams : RHP Ramón Echevarría
Batting: LHB Michizane Yamashita 0-0: Called Strike
0-1: Swinging Strike
0-2: Ball
1-2: Strikes out swinging
Batting: LHB Danny Stone 0-0: Ball
1-0: Called Strike
1-1: Called Strike
1-2: Ground out 3-1 (Groundball, 34, EV 102.5 MPH)
Batting: RHB Al Ruíz 0-0: Foul Ball, location: 2F
0-1: Called Strike
0-2: Strikes out swinging
Top of the 8th over - 0 runs, 0 hits, 0 errors, 0 left on base; Long Island 2 - Ladue 2
BOTTOM OF THE 8TH
Ladue Rams batting - Pitching for Long Island Ducks : RHP Chris Rainville
Batting: RHB Muneyaki Hayashi 0-0: Ball
1-0: DOUBLE (Flyball, 89D, EV 106.2 MPH)
Batting: RHB Tangaloa Manaolana 0-0: DOUBLE (Groundball, 5L, EV 95.0 MPH)
Muneyaki Hayashi scores
Batting: LHB Ruff McGruffin 0-0: Intentional Walk
Batting: RHB Luis Colmenaris 0-0: Swinging Strike
0-1: Called Strike
0-2: Strikes out swinging
Batting: RHB César Hinojosa 0-0: Ball
1-0: Called Strike
1-1: Called Strike
1-2: Ball
2-2: Fielders Choice at 2nd, 6-4 (Groundball, 6, EV 88.1 MPH)
Tangaloa Manaolana to third
Batting: SHB Tom Lenehan 0-0: Called Strike
0-1: Ball
1-1: Foul Ball, location: 2F
1-2: Ball
2-2: Strikes out swinging
Bottom of the 8th over - 1 run, 2 hits, 0 errors, 2 left on base; Long Island 2 - Ladue 3
TOP OF THE 9TH
Long Island Ducks batting - Pitching for Ladue Rams : RHP Ramón Echevarría
Pitching: LHP Albert Crawford
Batting: RHB Colm Partridge 0-0: Ball
1-0: Ground out 4-3 (Groundball, 4S, EV 73.8 MPH)
Batting: RHB Tom Kelley 0-0: Ball
1-0: Ball
2-0: Swinging Strike
2-1: Called Strike
2-2: Ball
3-2: Foul Ball, location: 2F
3-2: Foul Ball, location: 2F
3-2: Base on Balls
Pinch Hitting: RHB Kelsey Booth 0-0: Grounds into double play, 6-4-3 (Groundball, 6M, EV 105.0 MPH)
Top of the 9th over - 0 runs, 0 hits, 0 errors, 0 left on base; Long Island 2 - Ladue 3
Friday, March 26th, 2021 - OOTP Baseball 20.8 Build 74